 Seeded DCSS version 0.30-a0-881-g1ff12e1e11 (webtiles) character file.

Game seed: 20230314 (custom seed)

5927 bmack86 the Cleaver (level 10, -13/90 HPs)
             Began as a Minotaur Fighter on Mar 14, 2023.
             Was an Elder of Okawaru.
             Killed from afar by a tengu conjurer (28 damage)
             ... with a bolt of lightning
             ... on level 9 of the Dungeon.
             The game lasted 00:20:15 (9622 turns).

bmack86 the Cleaver (Minotaur Fighter)              Turns: 9622, Time: 00:20:15

Health: -13/90     AC: 19    Str: 27    XL:     10   Next: 54%
Magic:  12/12      EV:  6    Int:  5    God:    Okawaru [****..]
Gold:   226        SH: 15    Dex: 13    Spells: 9/9 levels left

rFire   + . .      SeeInvis .    k - +1 broad axe (flame)
rCold   . . .      Faith    .    E - +0 kite shield
rNeg    . . .      Spirit   .    D - +0 plate armour
rPois   .          Reflect  +    l - +0 hat of Makhleb's Wrath {rF+ Str+2}
rElec   .          Rampage  .    c - +0 cloak
rCorr   .                        u - +2 pair of gloves
Will    +....                    t - +0 pair of boots of Disguise {Dex+3 Stlth+} Stlth
                                 f - amulet of reflection
HPRegen 0.35/turn                s - ring of willpower
MPRegen 0.13/turn                (no ring)

@: no status effects
A: horns 2, retaliatory headbutt
a: Renounce Religion, Heroism, Finesse


You were on level 9 of the Dungeon.
You worshipped Okawaru.
Okawaru was greatly pleased with you.
You visited 2 branches of the dungeon, and saw 10 of its levels.
You also visited: Sewer and Ossuary.

You collected 559 gold pieces.
You spent 333 gold pieces at shops.

Inventory:

Hand Weapons
 a - a +1 war axe of venom
 k - a +1 broad axe of flaming (weapon)
Missiles
 p - 15 poisoned darts
 B - 3 javelins (quivered)
Armour
 c - a +0 cloak (worn)
 l - the +0 hat of Makhleb's Wrath (worn) {rF+ Str+2}
   (You acquired it on level 8 of the Dungeon)

   Str:       It affects your strength (+2).
   rF:        It protects you from fire.
 t - the +0 pair of boots of Disguise (worn) {Dex+3 Stlth+}
   (You bought it in a shop on level 8 of the Dungeon)

   Dex:       It affects your dexterity (+3).
   Stlth:     It makes you more stealthy.
 u - a +2 pair of gloves (worn)
 A - a scarf of invisibility
 D - a +0 plate armour (worn)
 E - a +0 kite shield (worn)
Jewellery
 f - an amulet of reflection (around neck)
 s - a ring of willpower (left hand)
Wands
 b - a wand of digging (11)
 g - a wand of mindburst (4)
Scrolls
 j - 3 scrolls of fear
 n - 5 scrolls of teleportation
 o - a scroll of amnesia
 v - a scroll of brand weapon
 y - a scroll of fog
 C - a scroll of immolation
 F - 2 scrolls of identify
 G - a scroll of magic mapping
Potions
 d - 2 potions of might
 e - 7 potions of flight
 h - 2 potions of ambrosia
 i - 3 potions of curing
 m - 3 potions of attraction
 q - 5 potions of heal wounds {unknown}
 r - 4 potions of mutation
 w - 2 potions of haste
 x - 3 potions of magic
 z - 2 potions of brilliance


   Skills:
 + Level 8.4 Fighting
 * Level 10.8 Axes
 + Level 5.9 Throwing
 + Level 8.4 Armour
 + Level 8.3 Shields
 + Level 4.5 Invocations


You had 9 spell levels left.
You didn't know any spells.
Your spell library contained the following spells:

 Spells                   Type           Power      Damage    Failure   Level
 Blink                    Tloc           0%         N/A       100%        2
 Lesser Beckoning         Tloc           0%         N/A       100%        2
 Momentum Strike          Conj/Tloc      0%         3d8       100%        2
 Gell's Gravitas          Tloc           0%         N/A       100%        3
 Teleport Other           Tloc           0%         N/A       100%        3
 Manifold Assault         Tloc           0%         N/A       100%        4
 Dispersal                Tloc           0%         N/A       100%        6
 Eringya's Noxious Bog    Tmut/Pois      0%         N/A       100%        6
 Disjunction              Tloc           0%         N/A       100%        8
 Summon Forest            Summ/Tloc      Unusable   N/A       N/A         5
 Summon Hydra             Summ           Unusable   N/A       N/A         7

Dungeon Overview and Level Annotations

Branches:
Dungeon (9/15)             Temple (1/1) D:5           Sewer (visited)
Ossuary (visited)
   Lair: D:8-11         Orc: D:9-12

Altars:
Ashenzari
Cheibriados
Dithmenos
Elyvilon
Fedhas
Gozag
Hepliaklqana
Kikubaaqudgha
Makhleb
Nemelex Xobeh
Okawaru
Qazlal
Ru
Sif Muna
Trog
Uskayaw
Vehumet
Wu Jian
Xom
Yredelemnul
Zin
The Shining One

Shops:
D:4 !   D:8 [

Annotations:
D:7 exclusion: statue


Innate Abilities, Weirdness & Mutations

You have a pair of horns on your head.
You reflexively headbutt those who attack you in melee.


Message History

The tengu conjurer claws you but does no damage.
You miss the tengu conjurer.
The tengu conjurer is moderately wounded.
You block the tengu conjurer's attack. The tengu conjurer closely misses you.
The tengu conjurer barely misses you.
You hit the tengu conjurer. You burn the tengu conjurer.
The tengu conjurer is moderately wounded.
The tengu conjurer hits you.
* * * LOW HITPOINT WARNING * * *
You block the tengu conjurer's attack. x2
You barely miss the tengu conjurer.
Your headbutt misses the tengu conjurer.
The tengu conjurer is moderately wounded.
You hit the battlesphere. The tengu conjurer hits you.
* * * LOW HITPOINT WARNING * * *
The tengu conjurer pecks you but does no damage.
The tengu conjurer claws you but does no damage.
You block the tengu conjurer's attack. x3
You closely miss the tengu conjurer.
The tengu conjurer is moderately wounded.
The tengu conjurer hits you but does no damage.
You block the tengu conjurer's attack. The tengu conjurer closely misses you.
You miss the tengu conjurer.
Your headbutt misses the tengu conjurer.
The tengu conjurer is moderately wounded.
You block the tengu conjurer's attack. x2; The tengu conjurer claws you.
* * * LOW HITPOINT WARNING * * *
You slash the tengu conjurer! You burn the tengu conjurer.
The tengu conjurer is severely wounded.
The tengu conjurer hits you but does no damage.
You block the tengu conjurer's attack. x2
You miss the tengu conjurer.
The tengu conjurer is severely wounded.
You block the tengu conjurer's attack. x2
The tengu conjurer claws you but does no damage.
You completely miss the tengu conjurer.
The tengu conjurer is severely wounded.
The tengu conjurer gestures at you while chanting.
The bolt of lightning hits you!!
You die...

##.## #...#≈###.. #.##..
#...#####.[ #.##...
#######.......#.. #.##...
#................ #.# #...
######....##.....
#######'### #####.#.#......
...##..*.)##...##.#.#....#.
...#.....#.....#.#.....#..
...'..8..@)....#.#.......)
..#....Q#.....#.#.....#.)
#.....##...##.#.....##.
#..[..#######.#........
#......#.#.##.#........
###...†#.#.##.......###
###..#.#.######.#.#
#........# #.#.#
###.##.#>####.#.#


You could see a tengu conjurer and a battlesphere.

Vanquished Creatures
  A boulder beetle (D:9)
  A two-headed ogre (D:6)
  Maggie (D:8)
  An unseen horror (D:9)
  Prince Ribbit (D:8)
  A vampire (D:9)
  2 wyverns
  A redback (D:9)
  4 water moccasins
  A sky beast (D:8)
  A black bear (D:7)
  2 ice beasts
  2 centaurs
  2 bullfrogs
  3 phantoms
  3 gnoll sergeants
  4 scorpions
  2 wights (D:8)
  3 howler monkeys (D:8)
  4 centaur zombies (Ossuary)
  3 crimson imps (D:7)
  3 hounds
  Crazy Yiuf (D:7)
  3 orc priests
  3 jellies
  2 sleepcaps
  An iguana (D:6)
  8 orc wizards
  Natasha (twice) (D:3)
  6 mummies (Ossuary)
  23 gnolls
  16 adders
  7 river rats
  3 shadow imps (D:7)
  2 white imps (D:7)
  An ufetubus (D:5)
  2 dart slugs
  7 worms
  25 orcs
  12 bats
  4 endoplasms
  9 giant cockroaches
  6 hobgoblins
  5 jackals
  A quokka (D:4)
  14 ball pythons
  7 frilled lizards
  A goblin (D:1)
  3 hobgoblin zombies (Ossuary)
  6 kobolds
  6 rats
232 creatures vanquished.

Vanquished Creatures (others)
  3 wights (D:8)
  A crimson imp (D:7)
4 creatures vanquished.

Grand Total: 236 creatures vanquished

Notes
Turn   | Place    | Note
-------+----------+-------------------------------------------
     0 | D:1      | bmack86 the Minotaur Fighter began the quest for the Orb.
     0 | D:1      | Reached XP level 1. HP: 19/19 MP: 0/0
   300 | D:1      | Reached XP level 2. HP: 27/27 MP: 1/1
   378 | D:1      | Reached skill level 3 in Axes
   851 | D:2      | Reached XP level 3. HP: 32/33 MP: 2/2
  1046 | D:2      | Found an ancient bone altar of Kikubaaqudgha.
  1332 | D:2      | Found a faded altar of an unknown god.
  1525 | D:2      | Reached XP level 4. HP: 33/40 MP: 3/3
  1602 | D:3      | Noticed a water moccasin
  1611 | D:3      | Killed a water moccasin
  1612 | D:3      | Reached skill level 4 in Axes
  1612 | D:3      | Reached skill level 1 in Throwing
  1612 | D:3      | Reached XP level 5. HP: 13/47 MP: 4/4
  1980 | D:3      | Noticed Natasha
  1988 | D:3      | Killed Natasha
  2032 | D:3      | Reached XP level 6. HP: 53/53 MP: 5/5
  2240 | D:3      | Reached skill level 5 in Axes
  2275 | D:3      | Noticed Natasha
  2286 | D:3      | Killed Natasha
  2712 | D:4      | Found Zedd's Distillery.
  2750 | D:4      | Reached skill level 5 in Armour
  2841 | D:4      | Found a sand-covered staircase.
  2846 | Ossuary  | Entered an ossuary
  2852 | Ossuary  | Reached skill level 5 in Fighting
  2854 | Ossuary  | Reached skill level 5 in Shields
  2876 | Ossuary  | Reached XP level 7. HP: 53/61 MP: 6/6
  2896 | Ossuary  | Reached skill level 6 in Axes
  3146 | D:4      | Identified the +7 dagger of Okawaru's Reproof {freeze,
                  | rElec rF+ Str+4}
  3274 | D:4      | Found a glowing drain.
  3283 | Sewer    | Entered a sewer
  4120 | D:4      | Identified the +3 ring mail "Ihassim" {rN+}
  4270 | D:4      | Bought 2 potions of curing for 66 gold pieces
  4493 | D:5      | Entered Level 5 of the Dungeon
  4550 | D:5      | Reached XP level 8. HP: 70/70 MP: 7/7
  4564 | D:5      | Found a stormy altar of Qazlal.
  4714 | D:5      | Found a staircase to the Ecumenical Temple.
  4723 | D:5      | Reached skill level 7 in Axes
  4732 | Temple   | Entered the Ecumenical Temple
  4820 | Temple   | Became a worshipper of Warmaster Okawaru
  5591 | D:5      | Reached skill level 1 in Invocations
  6079 | D:6      | Noticed a two-headed ogre
  6085 | D:6      | Killed a two-headed ogre
  6085 | D:6      | Reached * piety under Okawaru
  6086 | D:6      | Reached skill level 8 in Axes
  6086 | D:6      | Reached XP level 9. HP: 37/78 MP: 9/9
  6612 | D:6      | Found a glowing golden altar of the Shining One.
  6901 | D:7      | Reached skill level 9 in Axes
  7018 | D:7      | Found a blossoming altar of Fedhas.
  7100 | D:7      | Reached ** piety under Okawaru
  7124 | D:7      | Found a hide-covered altar of Uskayaw.
  7307 | D:7      | Reached skill level 5 in Throwing
  7441 | D:7      | Found a runed translucent door.
  7442 | D:7      | Noticed Crazy Yiuf
  7449 | D:7      | Killed Crazy Yiuf
  7579 | D:7      | Found a radiant altar of Vehumet.
  7781 | D:8      | Noticed Maggie
  7788 | D:8      | Killed Maggie
  7789 | D:8      | Reached XP level 10. HP: 88/88 MP: 8/11
  7875 | D:8      | Reached skill level 10 in Axes
  7911 | D:8      | Found Eliho's Armour Emporium.
  7916 | D:8      | Bought the +0 pair of boots of Disguise {Dex+3 Stlth+} for
                  | 267 gold pieces
  7955 | D:8      | Noticed Prince Ribbit
  7967 | D:8      | Reached *** piety under Okawaru
  7971 | D:8      | Killed Prince Ribbit
  8490 | D:8      | Identified a scroll of acquirement
  8490 | D:8      | Acquired the +0 hat of Makhleb's Wrath {rF+ Str+2}
  8504 | D:9      | Found a hazy altar of Hepliaklqana.
  8504 | D:9      | Found a hide-covered altar of Uskayaw.
  8507 | D:9      | Noticed a boulder beetle
  8518 | D:9      | Killed a boulder beetle
  8610 | D:9      | HP: 1/88 [vampire (4)]
  8918 | D:9      | Identified the +0 robe of Roamn {rF+ Int+3}
  9611 | D:9      | Reached **** piety under Okawaru
  9622 | D:9      | Killed from afar by a tengu conjurer

Illustrated notes

Levels and vault maps discovered:
D:1:      mushboom_english_gardens, layout_basic
D:2:      layout_loops_ring, basic_altar,
          hellmonk_ecumenical_altar_defaced_shrine
D:3:      layout_loops_corners, uniq_natasha
D:4:      layout_loops_ring, lightli_sewer_entry_pipes, serial_shops,
          nicolae_stop_n_shop_2, nicolae_ossuary_entry_false_entrances,
          minmay_strange_pillars
D:5:      layout_layer_cave, nicolae_qazlal_eye_of_the_storm,
          minmay_temple_entry_wispy
D:6:      layout_cave_pools, tso_metal_star
D:7:      layout_rooms, vehumet_statue, hangedman_feature_mirror,
          nicolae_lava_and_water, minmay_nine_imps, uniq_crazy_yiuf_cottage
D:8:      layout_rooms, serial_shops, nicolae_shop_hallway_stairs,
          serial_corexii_hall, corexii_hall_statues_s,
          chequers_hall_statues_corner_a, lemuel_flame_loot_1,
          uniq_prince_ribbit1, uniq_maggie
D:9:      layout_loops_ring, nicolae_overflow_two_pavilions, serial_rivers,
          chequers_serial_rivers_room_b, chequers_serial_rivers_micro_e,
          chequers_serial_rivers_room_b, chequers_serial_rivers_large_a,
          chequers_serial_rivers_marsh, chequers_serial_rivers_large_b,
          minmay_three_doors
Temple:   minmay_crystal_spiral_temple

Skill      XL: |  1  2  3  4  5  6  7  8  9 10 |
---------------+-------------------------------+-----
Axes           | 3 4 5 6 8 9 10 | 10.8
Shields        | 4 5 6 7 8 |  8.3
Fighting       | 4 5 6 7 8 |  8.4
Armour         | 4 5 6 7 8 |  8.4
Throwing       | 1 2 3 4 5 |  5.9
Invocations    | 2 3 4 |  4.5

Action                     |  1- 3 |  4- 6 |  7- 9 | 10-12 || total
---------------------------+-------+-------+-------+-------++-------
  Melee: War axe           |    65 |   114 |   348 |       ||   527
         Headbutt          |     8 |    17 |    51 |    21 ||    97
         Broad axe         |       |       |       |    93 ||    93
  Throw: Dart              |     1 |     2 |     3 |       ||     6
         Boomerang         |       |     5 |     1 |       ||     6
         Javelin           |       |       |     4 |     1 ||     5
 Invoke: Heroism           |       |       |     1 |     1 ||     2
    Use: Scroll            |       |     5 |    15 |     2 ||    22
         Potion            |       |     1 |     2 |     2 ||     5
 Armour: Scale mail        |    17 |       |       |       ||    17
         Chain mail        |    10 |    84 |   178 |       ||   272
         Plate armour      |       |       |    69 |    63 ||   132
         Skin              |       |       |       |     1 ||     1
  Dodge: Dodged            |    42 |    36 |   116 |    17 ||   211
  Block: Buckler           |    59 |    71 |   188 |       ||   318
         Reflection        |     1 |     1 |     5 |     3 ||    10
         Kite shield       |       |       |    57 |    81 ||   138

Table legend: (Time is in decaauts)
 A = Elapsed time spent in this place.
 B = Non-inter-level travel time spent in this place.
 C = Inter-level travel time spent in this place.
 D = Time resting spent in this place.
 E = Time spent auto-exploring this place.
 F = Levels seen in this place.
 G = Mean time per level.
                   A        B        C        D        E       F      G
               +--------+--------+--------+--------+--------+-----+--------+
         Total |  10013 |   9764 |    249 |    419 |   6705 |  12 |  834.4 |
       Dungeon |   8678 |   8512 |    166 |    258 |   6167 |   9 |  964.2 |
        Temple |    211 |    128 |     83 |      0 |    110 |   1 |  211.0 |
         Sewer |    844 |    844 |      0 |      0 |    428 |   1 |  844.0 |
       Ossuary |    278 |    278 |      0 |    161 |      0 |   1 |  278.0 |
               +--------+--------+--------+--------+--------+-----+--------+

Top non-repeatable levels by time:
     D:5: 1291 daAuts
     D:9: 1171 daAuts
     D:3: 1137 daAuts
     D:4: 910 daAuts
     D:8: 873 daAuts
     D:2: 860 daAuts
     D:6: 858 daAuts
   Sewer: 844 daAuts
     D:7: 810 daAuts
     D:1: 765 daAuts
 Ossuary: 278 daAuts
  Temple: 211 daAuts
